Map: Dusk Towers

Players

dipwood

  • Race: Protoss Protoss
  • League: Master

Cel - Winner!

  • Race: Zerg Zerg
  • League: Master

VOD

Have the link to the VOD?

Description

Time

  • Played on: Dec. 4, 2015, 6:27 p.m.
  • Length: 12:32
Show
View Real Time Build Order
Export as new Build Order

dipwood Protoss 

Build Orders: 1 Gate Expand 

Get SALT Encoding   

  12  0:01  Probe (Chrono Boost)  
  13  0:12  Probe (Chrono Boost)  
  14  0:19  Pylon  
  14  0:22  Probe (Chrono Boost)  
  15  0:37  Probe (Chrono Boost)  
  15  0:38  Gateway  
  16  0:44  Assimilator  
  16  0:48  Probe (Chrono Boost)  
  17  0:58  Probe (Chrono Boost)  
  17  1:01  Gateway  
  18  1:09  Probe (Chrono Boost)  
  19  1:26  Cybernetics Core  
  19  1:40  Nexus  
  19  1:48  Pylon  
  19  2:04  Adept (Chrono Boost)  
  19  2:05  Adept (Chrono Boost)  
  19  2:06  Probe  
  24  2:20  Robotics Facility  
  24  2:25  Probe, Assimilator  
  25  2:37  Probe  
  26  2:48  Adept  
  26  2:49  Probe  
  26  2:50  Adept  
  31  2:52  Probe  
  32  3:01  Probe  
  32  3:04  Mothership Core  
  33  3:07  Warp Gate (Chrono Boost)  
  35  3:17  Probe  
  36  3:23  Probe  
  41  3:31  Probe  
  41  3:34  Probe  
  41  3:46  Probe  
  38  3:54  Pylon  
  38  3:56  Adept  
  38  3:57  Adept, Pylon  
  38  4:06  Pylon  
  38  4:09  Warp Prism (Chrono Boost)  
  38  4:11  Probe  
  38  4:12  Probe  
  42  4:19  Gateway x2  
  42  4:23  Probe  
  43  4:24  Probe  
  44  4:35  Probe  
  44  4:36  Probe  
  46  4:43  Gateway  
  46  4:45  Gateway  
  46  4:47  Probe  
  46  4:48  Probe  
  46  4:49  Gateway, Immortal  
  46  4:52  Pylon  
  48  4:59  Pylon  
  52  5:03  Stalker  
  54  5:09  Probe  
  54  5:12  Pylon  
  55  5:26  Immortal  
  55  5:29  Probe x2  
  61  5:41  Probe x2  
  63  5:43  Adept x4  
  71  5:50  Pylon  
  71  5:51  Pylon  
  71  5:54  Assimilator  
  71  5:56  Pylon  
  71  6:01  Sentry  
  71  6:02  Sentry x2  
  77  6:07  Pylon x2  
  77  6:13  Stalker x3  
  77  6:15  Zealot  
  85  6:41  Stalker x5  
  85  6:42  Stalker  
  65  7:28  Adept x4  
  65  7:29  Adept x3  
  67  7:50  Stalker x2  
  67  7:51  Stalker x2, Zealot x2  
  61  7:52  Zealot  
  59  8:04  Immortal  
  59  8:26  Assimilator  
  59  8:27  Nexus, Pylon  
  59  8:31  Pylon  
  59  8:36  Stalker  
  61  8:41  Assimilator  
  61  8:45  Assimilator  
  61  8:47  Robotics Bay  
  61  8:51  Pylon  
  61  8:53  Pylon  
  61  8:56  Immortal (Chrono Boost), Pylon  
  61  8:58  Pylon  
  61  8:59  Zealot x2  
  61  9:00  Zealot x4  
  67  9:30  Stalker  
  67  9:31  Stalker x3  
  73  9:32  Stalker, Zealot x2  
  78  9:40  Disruptor (Chrono Boost)  
  81  9:55  Stalker x4  
  81  9:56  Stalker  
  91  10:05  Adept x2  
  95  10:17  Adept  
  95  10:32  Adept x3  
  93  10:39  Probe x2  
  93  10:42  Disruptor (Chrono Boost)  
  98  10:45  Robotics Facility  
  98  10:51  Probe  
  98  10:55  Twilight Council  
  98  10:56  Nexus  
  99  11:00  Pylon  
  99  11:02  Pylon  
  99  11:04  Pylon  
  99  11:05  Pylon  
  99  11:10  Pylon  
  99  11:13  Disruptor (Chrono Boost)  
  99  11:14  Assimilator  
  99  11:18  Adept x2, Assimilator  
  96  11:34  Disruptor (Chrono Boost)  
  96  11:37  Forge  
  99  11:43  Disruptor (Chrono Boost)  
  102  11:48  Probe x2  
  104  12:00  Probe x2  
  106  12:12  Probe  
  80  12:28  Stalker x4  
Show
View Real Time Build Order
Export as new Build Order

Cel Zerg - Winner!

Build Orders: Pool First 

Get SALT Encoding   

  12  0:01  Drone  
  13  0:08  Drone  
  14  0:15  Extractor  
  14  0:18  Drone  
  14  0:24  Overlord  
  14  0:32  Drone, Extractor  
  15  0:43  Drone  
  16  0:50  Spawning Pool  
  16  0:54  Drone  
  16  0:59  Drone  
  17  1:06  Drone  
  18  1:28  Hatchery  
  17  1:38  Roach Warren  
  16  1:42  Drone  
  16  1:46  Drone  
  18  1:49  Drone  
  19  1:57  Overlord  
  19  2:09  Queen  
  21  2:18  Roach x2  
  25  2:25  Roach  
  27  2:37  Ravager  
  27  2:38  Ravager  
  27  2:40  Drone x2  
  27  2:41  Queen  
  33  2:45  Ravager  
  33  2:48  Drone  
  33  2:50  Drone  
  36  2:57  Overlord  
  36  3:05  Overlord  
  36  3:16  Drone x2  
  38  3:20  Drone x3  
  38  3:21  Drone  
  38  3:24  Drone  
  36  3:42  Drone x2  
  36  3:44  Drone  
  36  3:45  Drone  
  40  3:55  Lair  
  37  3:58  Drone  
  37  4:01  Hatchery  
  37  4:04  Drone x3  
  37  4:08  Overlord  
  40  4:13  Overlord  
  40  4:16  Drone x2, Extractor  
  41  4:17  Extractor  
  41  4:18  Drone  
  41  4:21  Drone, Extractor  
  41  4:27  Drone x2  
  43  4:32  Drone  
  43  4:36  Drone x4  
  43  4:38  Drone x3  
  49  4:43  Drone  
  52  4:51  Drone  
  53  4:55  Glial Reconstitution  
  53  4:57  Evolution Chamber, Roach  
  56  5:00  Roach  
  56  5:05  Roach  
  58  5:08  Roach  
  58  5:09  Roach x4  
  70  5:14  Roach x2  
  70  5:20  Roach  
  73  5:23  Roach  
  74  5:30  Overlord x3  
  74  5:43  Zerg Missile Weapons Level 1, Overlord x2  
  74  5:44  Overlord  
  74  5:49  Drone x3  
  78  5:50  Drone  
  78  5:51  Drone x2  
  78  5:53  Ravager x2  
  83  5:57  Drone x2  
  83  5:58  Drone  
  83  6:03  Queen  
  87  6:04  Drone  
  87  6:06  Metabolic Boost  
  87  6:10  Overlord  
  88  6:13  Overlord  
  88  6:17  Drone  
  88  6:18  Drone  
  90  6:19  Drone x2  
  90  6:22  Extractor x2  
  90  6:34  Drone  
  90  6:35  Ravager x2  
  90  6:37  Ravager x4  
  90  6:39  Roach x7  
  112  6:40  Zergling x2  
  112  6:47  Roach x2  
  116  6:59  Roach x2  
  116  7:00  Roach x3  
  111  7:07  Roach x3  
  99  7:14  Roach x7  
  102  7:22  Roach  
  102  7:23  Roach x2  
  95  7:31  Roach x3  
  87  7:40  Roach x2  
  82  7:48  Roach x3  
  82  7:49  Queen  
  83  8:01  Roach x3  
  89  8:20  Roach x6  
  89  8:23  Ravager x2  
  89  8:24  Ravager x2  
  89  8:26  Drone x6  
  109  8:32  Drone x2  
  111  8:39  Roach  
  113  8:49  Drone  
  113  8:51  Overlord x3  
  114  8:59  Hatchery, Zerg Missile Weapons Level 2  
  113  9:04  Hydralisk Den  
  109  9:37  Queen  
  109  9:38  Drone x3  
  112  9:54  Drone x4  
  112  9:55  Drone x2  
  112  9:56  Drone x3  
  121  10:03  Drone, Muscular Augments  
  122  10:08  Roach  
  122  10:09  Roach x5  
  130  10:24  Drone x3, Queen  
  135  10:28  Drone  
  135  10:29  Drone, Queen  
  137  10:39  Ravager x5  
  142  10:47  Overlord x3, Extractor x2  
  142  10:48  Overlord, Overseer  
  142  10:49  Overlord  
  140  10:58  Spore Crawler  
  140  11:00  Overlord, Hydralisk x2  
  140  11:03  Overlord x2  
  143  11:06  Hydralisk x11  
  165  11:13  Hydralisk x3  
  169  11:23  Hydralisk  
  169  11:24  Hydralisk x3  
  175  11:29  Hydralisk x3  
  175  11:30  Hydralisk  
  183  11:36  Roach x3  
  183  11:39  Roach  
  191  11:45  Drone x2  
  191  11:46  Drone  
  194  11:52  Infestation Pit  
  193  12:01  Roach x3  
Tags
 
Add a new tag
Caveats
  • Supply blocks, unpowered buildings, or Contaminate may cause inaccurate times.
  • Supply counts are checked every 10 seconds.